 Dungeon Crawl Stone Soup version 0.28.0-53-g5a82cb258f (webtiles) character file.

Game seed: 3450801021833600805

106787 Woods the Eclecticist (level 15, -4/92 HPs)
             Began as a Deep Elf Fire Elementalist on June 12, 2022.
             Was a High Priest of Vehumet.
             Slain by a steelbarb worm (8 damage)
             ... on level 2 of the Spider Nest on June 13, 2022.
             The game lasted 01:30:43 (46041 turns).

Woods the Eclecticist (Deep Elf Fire Elementalist) Turns: 46041, Time: 01:30:44

Health: -4/92      AC: 14    Str:  5    XL:     15   Next: 98%
Magic:  28/48      EV: 17    Int: 47    God:    Vehumet [*****.]
Gold:   1477       SH:  5    Dex: 15    Spells: 4/49 levels left

rFire   + . .      SeeInvis .   C - +9 lance "Wyrmbane" {slay drac, rPois rF+ rC+ AC+3}
rCold   + . .      Faith    .   (no shield)
rNeg    . . .      Spirit   .   N - +4 robe of Folly {Brilliance Will-∞ Int+8}
rPois   +          Reflect  +   T - +3 hat of Pondering {ponderous, Will+ MP+10 Int+5}
rElec   .          Harm     .   q - +0 cloak
rCorr   .          Rampage  .   v - +0 pair of gloves
Will    .....                   (no boots)
Stlth   ++++......              G - amulet of reflection
HPRegen 0.25/turn               A - ring of wizardry
MPRegen 0.31/turn               w - +6 ring of intelligence

@: marked, slow
A: no striking features
a: Renounce Religion


You were on level 2 of the Spider Nest.
You worshipped Vehumet.
Vehumet was extremely pleased with you.
You visited 5 branches of the dungeon, and saw 26 of its levels.
You also visited: Sewer.

You collected 2865 gold pieces.
You spent 1388 gold pieces at shops.

Inventory:

Hand Weapons
 p - a +3 quarterstaff of chaos
 C - the +9 lance "Wyrmbane" (weapon) {slay drac, rPois rF+ rC+ AC+3}
   (You took it off Maggie on level 8 of the Dungeon)

   It inflicts extra damage against dragons and draconians.
   AC:        It affects your AC (+3).
   rF:        It protects you from fire.
   rC:        It protects you from cold.
   rPois:     It protects you from poison.
 K - a +3 scimitar of flaming
Missiles
 E - 5 throwing nets
Armour
 q - a +0 cloak (worn)
 v - a +0 pair of gloves (worn)
 D - +0 steam dragon scales
 N - the +4 robe of Folly (worn) {Brilliance Will-∞ Int+8}
   (You bought it in a shop on level 2 of the Orcish Mines)

   It increases the power of your magical spells.
   It halves the magic cost of your spells (rounding up).
   It reduces your willpower to zero.
   Int:       It affects your intelligence (+8).
 T - the +3 hat of Pondering (worn) {ponderous, Will+ MP+10 Int+5}
   (You took it off Gastronok on level 3 of the Lair of Beasts)

   Int:       It affects your intelligence (+5).
   MP:        It affects your magic capacity (+10).
   Will:      It increases your willpower.
Jewellery
 t - a ring of fire
 u - an amulet of faith
 w - a +6 ring of intelligence (right hand)
 y - an amulet of guardian spirit
 A - a ring of wizardry (left hand)
 F - a +4 ring of evasion
 G - an amulet of reflection (around neck)
 L - a ring of fire
 M - a ring of see invisible
 S - a ring of ice
 X - a ring of ice
 Z - a ring of resist corrosion
Wands
 d - a wand of iceblast (9)
 B - a wand of flame (12)
 I - a wand of paralysis (10)
 O - a wand of digging (13)
 Q - a wand of polymorph (7)
 V - a wand of acid (11)
Scrolls
 b - 5 scrolls of fog
 e - 9 scrolls of immolation
 f - 4 scrolls of teleportation
 i - 4 scrolls of enchant armour
 m - a scroll of identify
 s - a scroll of amnesia
 x - 2 scrolls of vulnerability
 H - a scroll of blinking
 P - 4 scrolls of torment
 R - a scroll of enchant weapon {unknown}
 U - 2 scrolls of brand weapon
 Y - 2 scrolls of fear {unknown}
Potions
 a - 2 potions of magic {unknown}
 c - 8 potions of curing
 g - 2 potions of might
 h - 2 potions of heal wounds
 j - 3 potions of lignification
 k - 4 potions of flight
 l - 3 potions of resistance
 n - 2 potions of attraction {unknown}
 o - 3 potions of haste
 r - 2 potions of mutation {unknown}
 z - 2 potions of brilliance {unknown}
 J - 3 potions of berserk rage
 W - a potion of degeneration {unknown}


   Skills:
 - Level 10.0 Fighting
 - Level 0.3 Polearms
 - Level 10.0 Dodging
 - Level 10.0 Stealth
 + Level 17.9 Spellcasting
 + Level 16.1 Conjurations
 + Level 13.4 Summonings
 + Level 8.7 Fire Magic


You had 4 spell levels left.
You knew the following spells:

 Your Spells              Type           Power      Damage    Failure   Level
a - Fire Storm            Conj/Fire      63%        8d16      28%         9
b - Spellforged Servitor  Conj/Summ      67%        N/A       1%          7
f - Ozocubu's Armour      Ice            59%        N/A       1%          3
g - Lightning Bolt        Conj/Air       54%        1d76      1%          5
h - Summon Cactus Giant   Summ           65%        N/A       1%          6
i - Monstrous Menagerie   Summ           65%        N/A       1%          7
j - Summon Horrible Thin  Summ           65%        N/A       5%          8

Your spell library contained the following spells:

 Spells                   Type           Power      Damage    Failure   Level
 Foxfire                  Conj/Fire      100%       2x1d9     0%          1
 Scorch                   Fire           100%       2d10      0%          2
 Conjure Flame            Conj/Fire      100%       6-21      0%          3
 Static Discharge         Conj/Air       100%       N/A       1%          2
 Dazzling Flash           Conj/Hex       100%       N/A       1%          3
 Inner Flame              Hex/Fire       90%        N/A       1%          3
 Tukima's Dance           Hex            59%        N/A       1%          3
 Airstrike                Air            29%        N/A       1%          4
 Flame Wave               Conj/Fire      100%       2d17      1%          4
 Passage of Golubria      Tloc           59%        N/A       1%          4
 Summon Ice Beast         Ice/Summ       100%       N/A       1%          4
 Summon Lightning Spire   Summ/Air       100%       N/A       1%          4
 Summon Mana Viper        Hex/Summ       100%       N/A       1%          5
 Yara's Violent Unravell  Hex/Tmut       29%        3d12      1%          5
 Agony                    Necr           59%        N/A       6%          5
 Metabolic Englaciation   Hex/Ice        29%        N/A       6%          5
 Silence                  Hex/Air        29%        N/A       6%          5
 Malign Gateway           Summ/Tloc      51%        N/A       11%         7
 Simulacrum               Ice/Necr       29%        N/A       28%         6
 Chain Lightning          Conj/Air       54%        3d72      80%         9
 Storm Form               Tmut/Air       29%        N/A       82%         7
 Maxwell's Capacitive Co  Air            29%        ∞         92%         8
 Shatter                  Erth           29%        3d24*     100%        9


Dungeon Overview and Level Annotations

Branches:
Dungeon (15/15)            Temple (1/1) D:5            Lair (6/6) D:8
 Shoals (0/4) Lair:2       Spider (2/4) Lair:2        Slime (0/5) Lair:6
    Orc (2/2) D:10            Elf (0/3) Orc:2        Vaults (0/5) D:14
 Depths (0/4) D:15          Sewer (visited)

Altars:
Ashenzari
Cheibriados
Dithmenos
Elyvilon
Fedhas
Gozag
Hepliaklqana
Kikubaaqudgha
Makhleb
Nemelex Xobeh
Okawaru
Qazlal
Ru
Sif Muna
Trog
Uskayaw
Vehumet
Wu Jian
Xom
Yredelemnul
Zin
The Shining One
Beogh
Jiyva
Lugonu

Shops:
D:6 ?(   Orc:2 ::[=

Portals:
Abyss: D:8 D:14

Annotations:
D:2 Sigmund
D:3 2 runed translucent doors, Valamore's ghost, amateur OpVM
D:5 Ijyb
D:7 3 runed translucent doors, fictitious's ghost, novice MiGl
D:8 2 runed translucent doors
D:14 2 transporters, Vuutok's ghost, journeyman DgFi
Lair:5 3 runed translucent doors, Zeld's ghost, journeyman MiBe


Message History

A sourceless malevolence fills the Spider Nest...
With a horrendous wail, an alarm goes off!
A sentinel's mark forms upon you.
The culicivora hisses angrily. x2; You hear an angry hiss. x21
A culicivora comes into view.
The tarantella touches you.
The culicivora moves out of view.
Unknown command.
As you read the scroll of teleportation, it crumbles to dust.
You feel strangely unstable. You block the tarantella's attack.
A wolf spider comes into view.
The tarantella touches you but does no damage.
Found a stone staircase leading down.
A redback comes into view.
The jumping spider closely misses you. The jumping spider misses you.
A jumping spider comes into view.
A pharaoh ant comes into view.
A steelbarb worm comes into view.
A redback comes into view.
The redback misses you.
An orb spider and a redback come into view.
The jumping spider misses you. You block the jumping spider's attack.
You block the redback's attack. The spark wasp stings you!!
The spark wasp shocks you!
* * * LOW HITPOINT WARNING * * *
The redback bites you but does no damage.
A jumping spider comes into view.
Found a scroll of identify.
Your surroundings seem slightly different.
The steelbarb worm misses you. x2
There is a stone staircase leading down here.
The jumping spider leaps! x2; The steelbarb worm barely misses you.
You climb downwards.
The meliai buzzes angrily. x3
There is a stone staircase leading up here.
The meliai mumbles some strange prayers to its god against you.
Something smites you!
* * * LOW HITPOINT WARNING * * *
The steelbarb worm hits you but does no damage.
Casting: Lightning Bolt (safe; 1% risk of failure)
Confirm with . or Enter, or press ? or * to list all spells.
You feel a surge of power!
You summon a manticore!
The steelbarb worm hits you!
You die...

## .# .#
.### ...
##H# ##@#
##..###w##
.......y#
......y.#
....y....
........^#
.........#
..........
.........#


You could see a steelbarb worm (ally target), 3 meliai and a friendly manticore
(summoned).

Vanquished Creatures
  Fannar (Lair:3)
  5 hydras
  A boulder beetle (Lair:2)
  A centaur warrior (D:13)
  An ogre mage (Orc:2)
  4 two-headed ogres
  Erica (D:10)
  A tengu warrior (D:14)
  6 death yaks (Lair:2)
  Nergalle (Lair:3)
  3 skeletal warriors
  3 deep elf pyromancers
  An orc knight (Orc:2)
  3 ugly things (D:15)
  An orc sorcerer (Orc:1)
  7 elephants
  6 black mambas
  12 cane toads
  Maggie (D:8)
  10 komodo dragons
  Psyche (D:10)
  2 unseen horrors
  A kobold demonologist (D:13)
  2 rime drakes
  A tengu conjurer (D:14)
  2 trolls
  13 blink frogs
  Grinder (D:5)
  3 polar bears
  2 tarantellas
  A shadow (D:12)
  A wyvern (D:9)
  5 basilisks
  A vampire (D:11)
  7 humans (D:14)
  20 yaks
  4 redbacks (Spider:1)
  A golden eye (shapeshifter) (D:12)
  A two-headed ogre zombie (Orc:1)
  Menkaure (D:4)
  An acid dragon (D:10)
  A warg (Orc:2)
  A naga (shapeshifter) (D:14)
  11 water moccasins
  7 orc warriors
  A sky beast (D:7)
  2 black bears
  An ice beast (D:7)
  3 necrophages
  3 centaurs
  7 ogres
  A phantom (D:4)
  12 wolves
  A kobold brigand (D:6)
  A gnoll sergeant (D:10)
  12 bullfrogs
  A wyvern zombie (D:6)
  5 scorpions
  A water moccasin zombie (D:7)
  3 killer bees (D:9)
  6 wights
  5 howler monkeys
  An electric eel (Orc:1)
  A bullfrog zombie (D:7)
  5 centaur zombies
  13 orc priests
  Crazy Yiuf (D:4)
  A gnoll shaman (D:6)
  A centaur skeleton (D:3)
  2 iguanas
  8 orc wizards
  A hound skeleton (D:4)
  A howler monkey zombie (D:9)
  12 gnolls
  14 adders
  3 river rats
  A white imp (D:8)
  5 ufetubi
  6 worms
  A dart slug (D:2)
  48 orcs
  4 endoplasms
  6 giant cockroaches
  6 goblins
  7 hobgoblins
  2 jackals (D:4)
  7 kobolds
  3 quokkas (D:3)
  15 ball pythons
  2 ball python zombies (D:3)
  6 bats
  4 frilled lizards
  8 rats
  A spectral orc (D:5)
  5 butterflies (Lair:5)
426 creatures vanquished.

Vanquished Creatures (collateral kills)
  Gastronok (Lair:3)
  A stone giant (D:15)
  An ettin (Orc:2)
  A vault guard (D:14)
  Harold (Orc:1)
  A hydra (D:15)
  4 boulder beetles
  2 ogre magi
  2 centaur warriors (D:15)
  3 catoblepae
  2 death knights (D:13)
  10 two-headed ogres
  A deep troll shaman (Lair:6)
  4 tengu warriors
  9 death yaks
  3 skeletal warriors
  2 deep trolls
  2 orc knights (Orc:1)
  2 lindwurms (Lair:6)
  A deep elf zephyrmancer (D:14)
  A phantasmal warrior (D:13)
  11 ugly things
  A wolf spider (Lair:2)
  2 orc sorcerers
  3 cyclopes
  A salamander (shapeshifter) (D:13)
  9 elephants
  A guardian serpent (shapeshifter) (D:15)
  A gargoyle (D:12)
  An unseen horror (D:12)
  A torpor snail (Lair:2)
  2 kobold demonologists (D:13)
  A tengu conjurer (D:14)
  2 komodo dragons
  A freezing wraith (D:13)
  A merfolk (shapeshifter) (D:13)
  A queen bee (shapeshifter) (D:13)
  A meliai (shapeshifter) (D:14)
  6 trolls
  A tarantella (Spider:1)
  2 polar bears (Lair:6)
  A hornet (shapeshifter) (D:15)
  A raiju (shapeshifter) (D:14)
  5 blink frogs
  4 slime creatures (D:13)
  A culicivora (Spider:1)
  3 jumping spiders (Spider:1)
  A wraith (D:13)
  4 humans (D:14)
  10 yaks
  A basilisk (D:13)
  5 redbacks (Spider:1)
  5 two-headed ogre zombies (Orc:1)
  5 wargs
  2 water moccasins
  12 orc warriors
  3 boggarts (D:14)
  11 wolves
  18 ogres
  3 nameless horrors
  A kobold brigand (D:13)
  3 howler monkeys (D:13)
  An electric eel (D:14)
  4 orc priests
  6 orc wizards
  14 orcs
  A kobold (D:13)
  11 foxfires
239 creatures vanquished.

Vanquished Creatures (others)
  A wizard (D:15)
  A bush (Lair:3)
  7 fire vortices
  845 foxfires
  87 fungi
  60 plants
  8 withered plants (D:3)
1009 creatures vanquished.

Grand Total: 1674 creatures vanquished

Notes
Turn   | Place    | Note
-------+----------+-------------------------------------------
     0 | D:1      | Woods the Deep Elf Fire Elementalist began the quest for
                  | the Orb.
     0 | D:1      | Reached XP level 1. HP: 10/10 MP: 6/6
   311 | D:1      | Reached XP level 2. HP: 15/15 MP: 4/8
   352 | D:1      | Found a faded altar of an unknown god.
  1228 | D:2      | Learned a level 2 spell: Scorch
  1332 | D:2      | Reached XP level 3. HP: 19/19 MP: 6/9
  1630 | D:2      | Noticed Sigmund
  2153 | D:2      | Learned a level 3 spell: Conjure Flame
  2157 | D:2      | Learned a level 3 spell: Inner Flame
  2353 | D:3      | Reached XP level 4. HP: 21/24 MP: 6/11
  2588 | D:3      | Found a glowing drain.
  2595 | Sewer    | Entered a sewer
  2727 | Sewer    | Reached skill level 4 in Spellcasting
  3237 | Sewer    | Reached XP level 5. HP: 28/28 MP: 10/13
  4479 | D:3      | Found a runed translucent door.
  4484 | D:3      | Noticed Valamore's ghost (amateur OpVM)
  4512 | D:3      | Found a runed translucent door.
  4713 | D:3      | Reached XP level 6. HP: 28/32 MP: 9/14
  5597 | D:4      | Found a broken altar of Ashenzari.
  5631 | D:4      | Reached skill level 5 in Spellcasting
  6040 | D:4      | Reached XP level 7. HP: 35/36 MP: 9/16
  6045 | D:4      | Reached skill level 5 in Fire Magic
  6419 | D:4      | Found a runed translucent door.
  6419 | D:4      | Found the +6 shillelagh "Devastator" {shatter}
  6420 | D:4      | Noticed Crazy Yiuf
  6431 | D:4      | Killed Crazy Yiuf
  6432 | D:4      | Reached skill level 5 in Stealth
  6610 | D:4      | Reached skill level 5 in Dodging
  6899 | D:4      | Reached skill level 6 in Spellcasting
  6946 | D:4      | Noticed Menkaure
  6977 | D:4      | Killed Menkaure
  7216 | D:4      | Found a bloodstained altar of Trog.
  7354 | D:5      | Entered Level 5 of the Dungeon
  7387 | D:5      | Found a shimmering altar of Xom.
  7388 | D:5      | Noticed Grinder
  7394 | D:5      | Paralysed by Grinder for 2 turns
  7398 | D:5      | Killed Grinder
  7399 | D:5      | Reached skill level 5 in Conjurations
  7399 | D:5      | Reached XP level 8. HP: 41/41 MP: 8/20
  7672 | D:5      | Found a basalt altar of Yredelemnul.
  7672 | D:5      | Found a sacrificial altar of Ru.
  7674 | D:5      | Found a sparkling altar of Nemelex Xobeh.
  7674 | D:5      | Found a snail-covered altar of Cheibriados.
  7674 | D:5      | Found a glowing golden altar of the Shining One.
  7968 | D:5      | Reached skill level 7 in Spellcasting
  8023 | D:5      | Found a staircase to the Ecumenical Temple.
  8465 | D:5      | Noticed Ijyb
  8583 | D:5      | Found a glowing silver altar of Zin.
  8810 | D:5      | Found a basalt altar of Yredelemnul.
  9018 | D:6      | Reached skill level 8 in Spellcasting
  9539 | D:6      | Found Kados's Magic Scroll Shoppe.
  9556 | D:6      | Bought a scroll of teleportation for 30 gold pieces
 10240 | D:6      | Found Liamephui's Antique Weapon Boutique.
 10345 | D:6      | Reached skill level 1 in Fighting
 10478 | D:6      | Reached XP level 9. HP: 48/48 MP: 12/23
 11594 | Temple   | Entered the Ecumenical Temple
 12009 | D:7      | Learned a level 4 spell: Flame Wave
 12040 | D:7      | Found a white marble altar of Elyvilon.
 12089 | D:7      | Noticed a deep elf pyromancer
 12105 | D:7      | Found a runed translucent gate.
 12105 | D:7      | Found a runed translucent gate.
 12105 | D:7      | Found a runed translucent gate.
 12106 | D:7      | Noticed fictitious's ghost (novice MiGl)
 12897 | D:7      | Found a radiant altar of Vehumet.
 13127 | D:7      | Reached skill level 5 in Fighting
 13469 | D:7      | Found a sacrificial altar of Ru.
 13681 | D:7      | Became a worshipper of Vehumet
 13794 | D:8      | Found a staircase to the Lair.
 14476 | D:8      | Found a stormy altar of Qazlal.
 14479 | D:8      | Noticed Maggie
 14500 | D:8      | Killed Maggie
 14816 | D:8      | Found a one-way gate to the infinite horrors of the Abyss.
 14816 | D:8      | Identified the +4 dagger "Arcanum" {distort, Fly rElec rF++
                  | Str-2}
 14816 | D:8      | Identified the +2 robe of Boredom {Will+ Str+6}
 14816 | D:8      | Noticed a kobold demonologist
 14888 | D:8      | Found a large runed translucent door.
 14889 | D:8      | Found a large runed translucent door.
 14890 | D:8      | Found a corrupted altar of Lugonu.
 14891 | D:8      | Noticed a white ugly thing
 14891 | D:8      | Noticed a kobold demonologist
 15414 | D:9      | Noticed a two-headed ogre
 15426 | D:9      | Killed a two-headed ogre
 15427 | D:9      | Reached skill level 9 in Spellcasting
 15427 | D:9      | Reached XP level 10. HP: 59/59 MP: 11/25
 15936 | D:9      | Noticed a two-headed ogre
 15949 | D:9      | Killed a two-headed ogre
 16366 | D:10     | Entered Level 10 of the Dungeon
 16631 | D:10     | Learned a level 3 spell: Ozocubu's Armour
 17021 | D:10     | Noticed Psyche
 17638 | D:10     | Killed Psyche
 17639 | D:10     | Reached skill level 10 in Spellcasting
 17863 | D:10     | Noticed Erica
 18190 | D:10     | Killed Erica
 18466 | D:10     | Found a staircase to the Orcish Mines.
 19226 | D:10     | Noticed a two-headed ogre
 19237 | D:10     | Killed a two-headed ogre
 19238 | D:10     | Reached skill level 10 in Conjurations
 19238 | D:10     | Reached XP level 11. HP: 63/63 MP: 16/27
 19842 | D:11     | Reached skill level 11 in Spellcasting
 20041 | D:11     | Noticed a six-headed hydra
 20345 | D:11     | Reached * piety under Vehumet
 20345 | D:11     | Offered knowledge of Magic Dart by Vehumet.
 20472 | D:11     | Killed a six-headed hydra
 20768 | D:12     | Noticed a skeletal warrior
 20771 | D:12     | Noticed a skeletal warrior
 20771 | D:12     | Noticed a skeletal warrior
 20773 | D:12     | Noticed a skeletal warrior
 20773 | D:12     | Noticed a skeletal warrior
 20776 | D:12     | Killed a skeletal warrior
 20785 | D:11     | HP: 2/63 [skeletal warrior/+0 mace[a skeletal warrior]
                  | (22)]
 21317 | D:12     | Noticed a boulder beetle
 21406 | Lair:1   | Entered Level 1 of the Lair of Beasts
 21413 | Lair:1   | Learned a level 5 spell: Lightning Bolt
 21710 | Lair:1   | Reached skill level 10 in Stealth
 22490 | Lair:2   | Noticed a death yak
 22490 | Lair:2   | Noticed a death yak
 22490 | Lair:2   | Noticed a death yak
 22597 | Lair:2   | Reached skill level 12 in Spellcasting
 23037 | Lair:2   | Reached skill level 10 in Dodging
 23082 | Lair:2   | Found a staircase to the Shoals.
 23303 | Lair:2   | Noticed a death yak
 23312 | Lair:2   | Noticed a death yak
 23313 | Lair:2   | Noticed a death yak
 23323 | Lair:2   | Noticed a death yak
 23344 | Lair:2   | Killed a death yak
 23346 | Lair:2   | Killed a death yak
 23347 | Lair:2   | Reached XP level 12. HP: 63/69 MP: 7/30
 23354 | Lair:2   | Learned a level 6 spell: Summon Cactus Giant
 23644 | Lair:2   | Noticed a death yak
 23650 | Lair:2   | Killed a death yak
 23654 | Lair:2   | Killed a death yak
 24019 | Lair:2   | Killed a death yak
 24449 | Lair:1   | Killed a death yak
 24451 | Lair:1   | Killed a death yak
 24452 | Lair:1   | Reached skill level 5 in Summonings
 24667 | Lair:2   | Killed a death yak
 24916 | Lair:2   | Found a hole to the Spider Nest.
 24932 | Lair:2   | Noticed a boulder beetle
 24957 | Lair:2   | Killed a boulder beetle
 25300 | Lair:2   | Found an ornate altar of the Wu Jian Council.
 25302 | Lair:2   | Found a hide-covered altar of Uskayaw.
 26864 | Lair:3   | Reached ** piety under Vehumet
 26865 | Lair:3   | Noticed Nergalle
 26879 | Lair:3   | Killed Nergalle
 27449 | Lair:3   | Offered knowledge of Shock by Vehumet.
 27833 | Lair:3   | Noticed a six-headed hydra
 27841 | Lair:3   | Killed a six-headed hydra
 28009 | Lair:3   | Noticed Gastronok
 28042 | Lair:3   | Killed Gastronok
 28043 | Lair:3   | Reached XP level 13. HP: 45/79 MP: 20/31
 28331 | Lair:3   | Noticed Fannar
 28340 | Lair:3   | Killed Fannar
 28608 | Lair:3   | Learned a level 7 spell: Monstrous Menagerie
 30181 | Lair:4   | Reached skill level 10 in Fighting
 30452 | Lair:4   | Offered knowledge of Poisonous Vapours by Vehumet.
 31017 | Lair:5   | Found a glowing silver altar of Zin.
 31317 | Lair:5   | Reached *** piety under Vehumet
 31840 | Lair:5   | Reached skill level 10 in Summonings
 32042 | Lair:5   | Reached skill level 13 in Spellcasting
 32084 | Lair:5   | Found a runed translucent gate.
 32084 | Lair:5   | Found a runed translucent gate.
 32085 | Lair:5   | Found a runed translucent gate.
 32381 | Lair:5   | Noticed Zeld's ghost (journeyman MiBe)
 32401 | Lair:6   | Entered Level 6 of the Lair of Beasts
 32751 | Lair:6   | Offered knowledge of Sticky Flame by Vehumet.
 32798 | Lair:6   | Reached XP level 14. HP: 77/88 MP: 7/33
 33453 | Lair:6   | Reached **** piety under Vehumet
 33596 | Lair:6   | Found a bloodstained altar of Trog.
 33626 | Lair:6   | Offered knowledge of Airstrike by Vehumet.
 33816 | Lair:6   | Reached skill level 14 in Spellcasting
 35288 | Lair:6   | Found a viscous altar of Jiyva.
 35288 | Lair:6   | Found a staircase to the Slime Pits.
 35641 | Orc:1    | Entered Level 1 of the Orcish Mines
 36306 | Orc:2    | Entered Level 2 of the Orcish Mines
 36310 | Orc:2    | Reached ***** piety under Vehumet
 36310 | Orc:2    | Offered knowledge of Olgreb's Toxic Radiance by Vehumet.
 36653 | Orc:2    | Reached skill level 15 in Spellcasting
 36814 | Orc:2    | Found Jelalis's Book Boutique.
 36814 | Orc:2    | Found Ken Nech's Jewellery Boutique.
 36814 | Orc:2    | Found Yniwk's Book Shoppe.
 36814 | Orc:2    | Found Cizaowuw's Armour Shop.
 37281 | Orc:1    | Noticed Harold
 37285 | Orc:1    | Reached skill level 15 in Conjurations
 37290 | Orc:1    | Killed Harold
 38085 | Orc:2    | Found a staircase to the Elven Halls.
 39185 | Orc:2    | Reached skill level 16 in Spellcasting
 39728 | Orc:1    | Reached XP level 15. HP: 83/92 MP: 26/37
 39811 | Orc:1    | Learned a level 8 spell: Summon Horrible Things
 40059 | Orc:2    | Bought a book of Annihilations for 780 gold pieces
 40079 | Orc:2    | Learned a level 9 spell: Fire Storm
 40651 | Orc:2    | Bought the +4 robe of Folly {Brilliance Will-∞ Int+8} for
                  | 578 gold pieces
 40651 | Orc:2    | Found the +4 robe of Folly {Brilliance Will-∞ Int+8}
 40852 | D:12     | Offered knowledge of Spellforged Servitor by Vehumet.
 41085 | D:12     | Learned a level 7 spell: Spellforged Servitor
 42217 | D:13     | Found a sacrificial altar of Ru.
 42255 | D:13     | Reached skill level 17 in Spellcasting
 42940 | D:14     | Found a transporter.
 42940 | D:14     | Noticed a profane servitor
 43025 | D:14     | Identified a scroll of acquirement
 43026 | D:14     | Acquired 1011 gold pieces
 43472 | D:14     | Found a transporter.
 43474 | D:14     | Noticed Vuutok's ghost (journeyman DgFi)
 43475 | D:14     | Noticed an orc warlord
 43641 | D:14     | Found a gate to the Vaults.
 43769 | D:14     | Noticed a tentacled starspawn
 43773 | D:15     | Entered Level 15 of the Dungeon
 43832 | D:15     | Found an opulent altar of Gozag.
 44992 | D:15     | Found a staircase to the Depths.
 45597 | Spider:1 | Entered Level 1 of the Spider Nest
 46039 | Spider:2 | HP: 4/92 [meliai/divine providence (12)]
 46041 | Spider:2 | Slain by a steelbarb worm

Illustrated notes

Levels and vault maps discovered:
D:1:      amcnicky_arrival_flooded_fountain, layout_loops_corners,
          shapermc_ecumenical_altar_petra
D:2:      layout_rooms, uniq_sigmund
D:3:      layout_loops_ring, ebering_ghost_sewer_f, serial_undead,
          serial_undead_b, serial_undead_a, serial_undead_f, serial_undead_a,
          gup_sewer_entry_bubbles, kennysheep_generic_room_10
D:4:      layout_cave_pools, mainiacjoe_overflow_alcove_1,
          ashenzari_conservatory_becter, minmay_misc_feat_rows, uniq_menkaure,
          uniq_crazy_yiuf_cottage
D:5:      layout_basic, doesnt_xom_only_xom, zin_statuary,
          yredelemnul_forgotten_temple_becter, temple_statues,
          minmay_quadrilaterals, uniq_ijyb, uniq_grinder
D:6:      layout_basic, serial_shops, nicolae_shop_hallway_plus,
          nicolae_shop_hallway_plus, roderic_lattice_a
D:7:      layout_layer_cave, nicolae_elyvilon_peaceful_grove,
          kennysheep_little_box, lemuel_coloured_pillars_altar,
          gammafunk_ghost_split, roderic_roman_lattice
D:8:      due_chaos_kobolds, layout_loops_cross,
          mainiacjoe_overflow_tiny_flanked, lair_entry_dummy, minmay_puff,
          uniq_pikel, uniq_maggie
D:9:      layout_roguey
D:10:     layout_gridville, minmay_orc_entry_temple_small, uniq_erica,
          uniq_psyche
D:11:     layout_cave_pools
D:12:     layout_big_octagon, hangedman_abyss_or_decor_lesser_grid
D:13:     layout_basic, hangedman_ru_absence
D:14:     layout_roguey, ximxim_vaults_locker_room,
          gammafunk_ghost_abyssal_escape, serial_bayou_lagoon_a, billiards_dpeg
D:15:     grunt_enter_depths_snipers, layout_irregular_city,
          roderic_malta_cross, minivault_25_ag, nicolae_gozag_seed_capital
Temple:   nicolae_temple_figure_eight
Lair:1:   layout_chaotic_city, eino_small_chamber_without_monster, st_stairs_4
Lair:2:   layout_chaotic_city, elwin_shoals_entry_rocks,
          nicolae_spider_entry_non_spiders, nzn_masters_of_martial_movement,
          infiniplex_staircase_pool_2
Lair:3:   layout_layer_cave, beast_lair_carwin_2, uniq_gastronok, uniq_nergalle,
          uniq_fannar
Lair:4:   layout_hall_layers, grunt_megastairs_1
Lair:5:   layout_hall_layers, basic_altar, gammafunk_ghost_necromancy,
          lemuel_fruit_fields, serial_bayou_shore_b
Lair:6:   grunt_lair_end_beastmaster, layout_loops_ring,
          dpeg_slime_entry_enclosed_altar, basic_altar, grunt_megastairs_3
Spider:1: layout_spider_delve
Spider:2: layout_chambers
Orc:1:    lemuel_ogre_cave, layout_diamond_mine, uniq_harold
Orc:2:    st_orc_open, layout_diamond_mine

Skill      XL: |  1  2  3  4  5  6  7  8  9 10 11 12 13 14 15 |
---------------+----------------------------------------------+-----
Dodging        | 3 4 5 6 8 10 | 10.0
Stealth        | 3 4 5 6 8 10 | 10.0
Conjurations   | 2 3 5 8 10 12 13 15 16 | 16.1
Spellcasting   | 4 5 6 8 9 10 12 13 16 17 | 17.9
Fire Magic     | 4 6 8 |  8.7
Fighting       | 2 5 8 10 | 10.0
Summonings     | 8 10 12 13 | 13.4
Polearms       | |  0.3

Action                   |  1- 3 |  4- 6 |  7- 9 | 10-12 | 13-15 || total
-------------------------+-------+-------+-------+-------+-------++-------
Melee: Unarmed           |     1 |     2 |       |       |       ||     3
       Quarterstaff      |       |       |     2 |       |       ||     2
       Lance             |       |       |       |    32 |    40 ||    72
       Scimitar          |       |       |       |     6 |       ||     6
       Punch             |       |       |       |       |     2 ||     2
 Cast: Foxfire           |    67 |    33 |   128 |   153 |   137 ||   518
       Scorch            |     5 |    56 |   123 |   199 |   226 ||   609
       Conjure Flame     |     1 |     4 |    11 |    13 |     1 ||    30
       Inner Flame       |       |       |     2 |    12 |    18 ||    32
       Flame Wave        |       |       |     1 |    14 |     3 ||    18
       Ozocubu's Armour  |       |       |       |    12 |     4 ||    16
       Lightning Bolt    |       |       |       |    13 |    77 ||    90
       Summon Cactus Gia |       |       |       |    13 |    93 ||   106
       Monstrous Menager |       |       |       |       |   113 ||   113
       Spellforged Servi |       |       |       |       |    25 ||    25
       Fire Storm        |       |       |       |       |     3 ||     3
Evoke: Wand              |       |       |       |     1 |       ||     1
  Use: Scroll            |       |       |       |    10 |    25 ||    35
       Potion            |       |       |       |     4 |     1 ||     5
 Stab: Distracted        |       |       |       |       |     1 ||     1
Armor: Robe              |     2 |     1 |     3 |       |    34 ||    40
       Steam dragon scal |       |       |       |    46 |    51 ||    97
Dodge: Dodged            |     4 |    13 |    16 |   190 |   253 ||   476
Block: Other             |       |       |       |     8 |    80 ||    88
       Reflection        |       |       |       |       |     4 ||     4
